 Dungeon Crawl Stone Soup version 0.23.2-11-gf996548c65 (webtiles) character file.

Game seed: 6862395007803642435

40513 billybong the Martial Artist (level 14, -10/116 HPs)
             Began as an Octopode Transmuter on June 5, 2019.
             Was a High Priest of Okawaru.
             Mangled by a catoblepas (32 damage)
             ... on level 5 of the Lair of Beasts.
             The game lasted 01:23:11 (24622 turns).

billybong the Martial Artist (Octopode Transmuter) Turns: 24622, Time: 01:23:12

Health: -10/116    AC:  7    Str:  9    XL:     14   Next: 11%
Magic:  26/34      EV: 22    Int: 17    God:    Okawaru [*****.]
Gold:   1182       SH:  0    Dex: 16    Spells: 4/27 levels left

rFire    x . .     SeeInvis +     - Unarmed
rCold    + + +     Gourm    .   (shield currently unavailable)
rNeg     + . .     Faith    .   (helmet currently unavailable)
rPois    +         Spirit   .   I - amulet of regeneration
rElec    .         Reflect  .   g - ring of magical power
rCorr    +         Harm     .   i - ring of wizardry
MR       +....                  k - ring of protection from cold
Stlth    ++++......             o - ring of resist corrosion
HPRegen  0.69/turn              B - ring of protection from cold
MPRegen  0.24/turn              H - ring of positive energy
                                J - ring of see invisible
                                (no ring)

@: ice-form, heroism, finesse
A: large, almost no armour, stealthy swim, amphibious, 8 rings, (constrict 8),
repulsion field 1, rugged brown scales 1, blink
a: End Transformation, Blink, Heroism, Finesse, Renounce Religion


You were on level 5 of the Lair of Beasts.
You worshipped Okawaru.
Okawaru was extremely pleased with you.
You were not hungry.
You were a creature of crystalline ice.
You visited 3 branches of the dungeon, and saw 20 of its levels.

You collected 1182 gold pieces.

Inventory:

Hand Weapons
 D - a +2 dagger of venom
 M - a +5 scimitar of electrocution
Missiles
 a - 619 arrows
 j - 6 javelins of penetration
 s - 8 tomahawks (quivered)
 C - 4 javelins of returning
Armour
 V - the +2 buckler "Vaeg" {*Contam rF+ rN++ Int+2}
   (Okawaru gifted it to you on level 4 of the Lair of Beasts)

   It affects your intelligence (+2).
   It protects you from fire.
   It greatly protects you from negative energy.
   It causes magical contamination when unequipped.
Jewellery
 g - a ring of magical power (left front paw)
 i - a ring of wizardry (right front paw)
 k - a ring of protection from cold (on tentacle)
 m - an uncursed ring of fire
 o - a ring of resist corrosion (on tentacle)
 y - an uncursed ring of fire
 B - a ring of protection from cold (on tentacle)
 H - a ring of positive energy (on tentacle)
 I - an amulet of regeneration (around neck)
 J - a ring of see invisible (on tentacle)
Wands
 p - a wand of random effects (51)
 r - a wand of flame (13)
 w - a wand of polymorph (27)
 x - a wand of disintegration (7)
 E - a wand of paralysis (13)
Scrolls
 d - a scroll of brand weapon
 f - 3 scrolls of amnesia
 l - a scroll of enchant weapon
 q - 11 scrolls of remove curse
 P - a scroll of enchant armour
 S - a scroll of immolation
 T - a scroll of fear
Potions
 b - a potion of lignification
 e - a potion of agility
 h - a potion of invisibility
 n - 2 potions of heal wounds
 u - 2 potions of brilliance
 z - 2 potions of cancellation
 A - 7 potions of flight
 F - 6 potions of curing
 G - 3 potions of haste
 N - a potion of resistance {unknown}
 O - a potion of experience {unknown}
 Q - a potion of magic {unknown}
 R - a potion of ambrosia {unknown}
 U - a potion of might {unknown}
Comestibles
 c - 28 rations


   Skills:
 * Level 8.6(13.6) Fighting
 * Level 10.0(15.0) Dodging
 - Level 3.7(8.7) Stealth
 + Level 13.3(18.3) Unarmed Combat
 + Level 7.3 Spellcasting
 * Level 1.6 Charms
 * Level 5.4 Summonings
 * Level 1.6 Necromancy
 - Level 9.0 Transmutations
 - Level 5.6 Ice Magic
 - Level 1.5 Poison Magic
 - Level 6.0 Invocations
 - Level 0.2 Evocations


You had 4 spell levels left.
You knew the following spells:

 Your Spells              Type           Power        Failure   Level  Hunger
a - Beastly Appendage     Tmut           #####.       1%          1    None
b - Sticks to Snakes      Tmut           #####...     1%          2    None
c - Spider Form           Tmut/Pois      ###.......   1%          3    ##.....
d - Ice Form              Ice/Tmut       ####....     2%          4    ####...
e - Summon Ice Beast      Ice/Summ       ###.....     4%          4    ####...
f - Shadow Creatures      Summ           N/A          56%         6    #######
g - Regeneration          Chrm/Necr      ##........   7%          3    ##.....

Your spell library contained the following spells:

 Spells                   Type           Power        Failure   Level  Hunger
 Freeze                   Ice            ####         1%          1    None
 Infusion                 Chrm           ##..         2%          1    None
 Ensorcelled Hibernation  Hex/Ice        ###...       2%          2    None
 Throw Frost              Conj/Ice       ###...       2%          2    None
 Song of Slaying          Chrm           ##......     3%          2    None
 Ozocubu's Armour         Chrm/Ice       ###.....     3%          3    ##.....
 Shroud of Golubria       Chrm/Tloc      #.........   4%          2    None
 Spectral Weapon          Hex/Chrm       #.......     10%         3    ##.....
 Throw Icicle             Conj/Ice       ###.....     14%         4    ####...
 Blade Hands              Tmut           #####.....   3%          5    #####..
 Borgnjor's Vile Clutch   Necr/Erth      #.........   63%         5    #####..
 Silence                  Hex/Air        #.........   73%         5    #####..
 Darkness                 Hex            #.........   99%         6    #######


Dungeon Overview and Level Annotations

Branches:
Dungeon (14/15)            Temple (1/1) D:4            Lair (5/6) D:8
  Swamp (0/4) Lair:2       Spider (0/4) Lair:2          Orc (0/2) D:12
 Vaults (0/5) D:14
  Slime: Lair:5-6

Altars:
Ashenzari
Cheibriados
Dithmenos
Elyvilon
Fedhas
Gozag
Hepliaklqana
Kikubaaqudgha
Makhleb
Nemelex Xobeh
Okawaru
Qazlal
Ru
Sif Muna
Trog
Uskayaw
Vehumet
Wu Jian
Xom
Yredelemnul
Zin
The Shining One

Annotations:
D:4 3 runed translucent doors, pTCGFNYNwU3Fd6TS's ghost, amateur MiFi
D:5 exclusion: 2 downstairs
D:7 exclusion: downstairs
D:9 exclusion: downstairs
D:14 2 runed translucent doors, exclusion: downstairs
Lair:5 1 exclusion


Innate Abilities, Weirdness & Mutations

You cannot wear most types of armour.
You are very stealthy in the water. (Stealth+)
You are amphibious.
You can wear up to eight rings at the same time.
((You can use your tentacles to constrict eight enemies at once.))
((Your skin changes colour to match your surroundings (Stealth+).))
((Your rubbery body absorbs attacks. (AC +1, EV +1)))
You are surrounded by a mild repulsion field. (EV +2)
(You are partially covered in rugged brown scales. (AC +1, +3% HP))
((You are partially covered in thin metallic scales. (AC +2)))
You can translocate small distances at will.
((Your flesh is cold resistant. (rC+)))
((Your flesh is heat resistant. (rF+)))


Message History

The catoblepas is lightly wounded.
You bludgeon the catoblepas!
You squeeze the catoblepas, but do no damage.
The catoblepas is moderately wounded.
The catoblepas breathes a plume of calcifying dust at you.
The blast of calcifying dust hits you.
* * * LOW HITPOINT WARNING * * *
You tentacle-slap the catoblepas but do no damage.
The catoblepas is moderately wounded.
You tentacle-slap the catoblepas.
The catoblepas is moderately wounded.
You tentacle-slap the catoblepas.
The catoblepas is moderately wounded.
The catoblepas gores you!
* * * LOW HITPOINT WARNING * * *
Casting: Ice Form (safe; 2% risk of failure)
Confirm with . or Enter, or press ? or * to list all spells.
You turn into a creature of crystalline ice.
The catoblepas gores you!!
You die...

..................
............†......
.....................
........##...........
##..............)..###
#........(.........##
#..................###
#..................#..
#.........Y......>...
#........#Y..P.P....
#........§#...PP....
##P.......#....###. ###
##....#.#....## ..#
##.....####...P# ..#
#......#####...#####
..######......#H..##.##...#
[.#....#......#.|≈≈#.#≈≈(.#


You could see a catoblepas.

Vanquished Creatures
  Gastronok (Lair:2)
  Josephine (Lair:5)
  2 hydras
  A catoblepas (Lair:5)
  3 two-headed ogres
  7 centaur warriors
  Erica (D:11)
  Urug (Lair:4)
  2 unseen horrors (D:12)
  An ugly thing (D:12)
  2 manticores (Lair:5)
  4 centaur zombies
  5 cyclopes
  Joseph (D:8)
  2 spiny frogs
  A gargoyle (D:12)
  Psyche (D:8)
  5 kobold demonologists (D:13)
  4 komodo dragons
  A freezing wraith (D:14)
  A tengu conjurer (D:14)
  An efreet (D:12)
  A queen bee (D:8)
  2 trolls
  9 hippogriffs
  4 blink frogs (Lair:3)
  2 bog bodies (Lair:2)
  2 wraiths
  A vampire (D:12)
  A human (D:12)
  6 yaks
  2 wyverns
  A steam dragon (D:12)
  4 basilisks
  4 vampire mosquitoes
  8 porcupines
  Duvessa (D:5)
  8 water moccasins
  A soldier ant (D:12)
  6 orc warriors
  7 sky beasts
  A black bear (D:12)
  3 ice beasts
  4 ogres
  2 eyes of draining
  A phantom (D:10)
  2 necrophages
  6 wolves (Lair:1)
  18 centaurs
  7 crocodiles
  6 big kobolds
  18 bullfrogs
  3 wyvern zombies
  A wyvern skeleton (D:11)
  Dowan (D:5)
  2 scorpions
  17 killer bees
  5 wights
  2 vampire bats (Lair:1)
  A bullfrog zombie (D:9)
  4 jellies
  4 howler monkeys
  9 crimson imps
  A quasit (D:11)
  2 bullfrog skeletons
  7 orc priests
  4 hounds
  4 centaur skeletons
  4 iguanas
  Natasha (thrice) (D:4)
  9 orc wizards
  8 worker ants
  A killer bee zombie (D:5)
  A howler monkey zombie (D:10)
  3 worker ant zombies
  18 adders
  2 shadow imps
  2 oozes
  An adder zombie (D:5)
  3 worms
  2 dart slugs
  7 leopard geckos
  45 orcs
  8 giant cockroaches
  7 goblins
  9 hobgoblins
  12 jackals
  6 quokkas
  5 ball pythons
  A ball python skeleton (D:5)
  8 bats
  7 frilled lizards
  A jackal skeleton (D:7)
  13 kobolds
  A leopard gecko skeleton (D:8)
  A quokka zombie (D:7)
  8 rats
449 creatures vanquished.

Vanquished Creatures (collateral kills)
  A two-headed ogre (D:8)
  2 basilisks (Lair:4)
  A scorpion (D:5)
  4 killer bees (D:11)
  A howler monkey (D:5)
  A worker ant (D:12)
  3 adders
  A leopard gecko (D:5)
  A frilled lizard (D:2)
15 creatures vanquished.

Vanquished Creatures (others)
  A shadow (D:12)
  An iguana (D:6)
  An orc wizard (D:8)
  A worker ant zombie (D:6)
  A fungus (Lair:2)
  A plant (Lair:1)
6 creatures vanquished.

Grand Total: 470 creatures vanquished

Notes
Turn   | Place    | Note
-------+----------+-------------------------------------------
     0 | D:1      | billybong the Octopode Transmuter began the quest for the
                  | Orb.
     0 | D:1      | Reached XP level 1. HP: 13/13 MP: 3/3
   338 | D:1      | Reached XP level 2. HP: 15/18 MP: 5/5
   396 | D:1      | Learned a level 2 spell: Sticks to Snakes
  1095 | D:2      | Reached skill level 1 in Stealth
  1095 | D:2      | Reached XP level 3. HP: 23/23 MP: 6/6
  1103 | D:2      | Learned a level 3 spell: Spider Form
  1725 | D:2      | Reached skill level 4 in Unarmed Combat
  2030 | D:2      | Reached skill level 1 in Poison Magic
  2030 | D:2      | Reached XP level 4. HP: 28/28 MP: 7/7
  3176 | D:3      | Found a white marble altar of Elyvilon.
  3321 | D:3      | Reached XP level 5. HP: 28/33 MP: 8/8
  4071 | D:4      | You fall through a shaft!
  4071 | D:5      | Entered Level 5 of the Dungeon
  4550 | D:4      | Noticed Natasha
  4560 | D:4      | Killed Natasha
  4563 | D:4      | Reached XP level 6. HP: 20/38 MP: 10/10
  4582 | D:4      | Found a runed translucent gate.
  4582 | D:4      | Found a runed translucent gate.
  4585 | D:4      | Found a runed translucent gate.
  4869 | D:4      | Learned a level 4 spell: Ice Form
  4869 | D:4      | Noticed pTCGFNYNwU3Fd6TS's ghost (amateur MiFi)
  4925 | D:4      | Noticed Natasha
  4933 | D:4      | Killed Natasha
  5016 | D:4      | Noticed Natasha
  5140 | D:4      | Killed Natasha
  5267 | D:4      | Found a staircase to the Ecumenical Temple.
  5472 | D:4      | Reached skill level 5 in Unarmed Combat
  5814 | Temple   | Entered the Ecumenical Temple
  6128 | D:5      | Reached skill level 1 in Ice Magic
  6231 | D:5      | Noticed a necrophage
  6239 | D:5      | Killed a necrophage
  6239 | D:5      | Reached XP level 7. HP: 43/43 MP: 12/12
  6397 | D:5      | Found a shimmering altar of Xom.
  6434 | D:5      | Found a burning altar of Makhleb.
  6466 | D:5      | Found a shimmering altar of Xom.
  6551 | D:5      | Noticed Duvessa
  6565 | D:5      | Noticed Dowan
  6566 | D:5      | Killed Duvessa
  6580 | D:5      | Killed Dowan
  7177 | D:5      | Found a stormy altar of Qazlal.
  7179 | D:5      | Noticed a water elemental
  7180 | D:5      | Noticed a fire elemental
  7180 | D:5      | Noticed an air elemental
  7201 | D:5      | Found a shimmering altar of Xom.
  7201 | D:5      | Found a shimmering altar of Xom.
  7203 | D:5      | Found a shimmering altar of Xom.
  7203 | D:5      | Found a shimmering altar of Xom.
  7753 | D:6      | Found a sparkling altar of Nemelex Xobeh.
  7753 | D:6      | Found a radiant altar of Vehumet.
  7854 | D:6      | Noticed a seven-headed hydra
  7878 | D:6      | Reached XP level 8. HP: 41/48 MP: 14/14
  8254 | D:5      | Reached skill level 6 in Unarmed Combat
  8292 | D:6      | Gained mutation: Your flesh is heat resistant. (rF+)
                  | [potion of mutation]
  8292 | D:6      | Gained mutation: You occasionally shout uncontrollably at
                  | your foes. [potion of mutation]
  8292 | D:6      | Gained mutation: You are partially covered in rugged brown
                  | scales. (AC +1, +3% HP) [potion of mutation]
  8292 | D:6      | Gained mutation: You are resistant to hostile enchantments.
                  | (MR+) [potion of mutation]
 10292 | D:7      | Reached XP level 9. HP: 23/56 MP: 16/16
 10734 | D:7      | Reached skill level 5 in Transmutations
 10747 | D:7      | Reached skill level 7 in Unarmed Combat
 11054 | D:7      | Learned a level 4 spell: Summon Ice Beast
 11090 | D:7      | Reached skill level 5 in Spellcasting
 11297 | D:8      | Noticed Psyche
 11306 | D:8      | Killed Psyche
 11306 | D:8      | Reached skill level 1 in Summonings
 11651 | D:8      | Reached skill level 5 in Dodging
 11796 | D:8      | Lost mutation: You are resistant to hostile enchantments.
                  | (MR+) [potion of mutation]
 11796 | D:8      | Lost mutation: You occasionally shout uncontrollably at
                  | your foes. [potion of mutation]
 11796 | D:8      | Gained mutation: You can translocate small distances at
                  | will. [potion of mutation]
 11796 | D:8      | Gained mutation: You are surrounded by a mild repulsion
                  | field. (EV +2) [potion of mutation]
 11796 | D:8      | Gained mutation: You are partially covered in thin metallic
                  | scales. (AC +2) [potion of mutation]
 11796 | D:8      | Gained mutation: Your flesh is cold resistant. (rC+)
                  | [potion of mutation]
 11827 | D:8      | Reached skill level 8 in Unarmed Combat
 11841 | D:8      | Noticed Joseph
 12033 | D:7      | Reached XP level 10. HP: 65/65 MP: 17/17
 12318 | D:8      | Found a staircase to the Lair.
 12656 | D:8      | Noticed a two-headed ogre
 12681 | D:8      | HP: 3/79 [two-headed ogre/+0 giant club (21)]
 12682 | D:8      | Killed a two-headed ogre
 12682 | D:8      | Reached skill level 5 in Ice Magic
 13265 | D:8      | Killed Joseph
 13878 | D:9      | Reached skill level 9 in Unarmed Combat
 13949 | D:9      | Found a glowing golden altar of the Shining One.
 14158 | D:9      | Reached skill level 5 in Fighting
 14438 | D:9      | Reached XP level 11. HP: 67/74 MP: 19/19
 14896 | D:9      | Found an ornate altar of the Wu Jian Council.
 14900 | D:9      | Found an iron altar of Okawaru.
 14901 | D:9      | Found a hide-covered altar of Uskayaw.
 14902 | D:9      | Found a bloodstained altar of Trog.
 14902 | D:9      | Found a glowing silver altar of Zin.
 14902 | D:9      | Found a burning altar of Makhleb.
 14905 | D:9      | Found a stormy altar of Qazlal.
 15088 | D:9      | Became a worshipper of Warmaster Okawaru
 15136 | D:10     | Entered Level 10 of the Dungeon
 15198 | D:10     | Noticed a centaur warrior
 16140 | D:10     | Noticed a two-headed ogre
 16149 | D:10     | Killed a two-headed ogre
 16149 | D:10     | Reached * piety under Okawaru
 16337 | D:10     | Killed a centaur warrior
 16337 | D:10     | Reached skill level 10 in Unarmed Combat
 16493 | D:11     | Reached skill level 1 in Invocations
 16496 | D:11     | Reached ** piety under Okawaru
 16533 | D:11     | Noticed Erica
 16543 | D:11     | Killed Erica
 17720 | D:12     | Noticed a cyclops
 17806 | D:12     | Killed a cyclops
 17806 | D:12     | Reached *** piety under Okawaru
 18023 | D:12     | Noticed a two-headed ogre
 18034 | D:12     | Killed a two-headed ogre
 18074 | D:12     | Noticed an unseen horror
 18087 | D:12     | Killed an unseen horror
 18087 | D:12     | Reached **** piety under Okawaru
 18087 | D:12     | Reached XP level 12. HP: 82/82 MP: 22/22
 18524 | D:12     | Found a staircase to the Orcish Mines.
 19144 | D:13     | Noticed a centaur warrior
 19155 | D:13     | Killed a centaur warrior
 19155 | D:13     | Reached skill level 11 in Unarmed Combat
 19206 | D:12     | Noticed a two-headed ogre
 19215 | D:12     | Killed a two-headed ogre
 19215 | D:12     | Reached ***** piety under Okawaru
 19222 | D:12     | Noticed a centaur warrior
 19231 | D:12     | Killed a centaur warrior
 19336 | D:12     | Noticed a centaur warrior
 19351 | D:12     | Received a gift from Okawaru
 19380 | D:12     | Killed a centaur warrior
 19678 | D:13     | Received a gift from Okawaru
 19878 | D:13     | Reached XP level 13. HP: 67/89 MP: 23/23
 20044 | D:13     | Reached skill level 12 in Unarmed Combat
 20283 | D:13     | Received a gift from Okawaru
 20286 | D:13     | Got a slimy hat {god gift}
 20345 | D:13     | Identified the -6 hat of Tafym {rC++ Str+4 Stlth-} (Okawaru
                  | gifted it to you on level 13 of the Dungeon)
 20755 | D:14     | Found a large runed translucent door.
 20755 | D:14     | Found a large runed translucent door.
 20770 | D:14     | Learned a level 6 spell: Shadow Creatures
 20825 | D:14     | Noticed a sphinx
 21110 | D:14     | Found a glowing silver altar of Zin.
 21348 | D:14     | Found a gate to the Vaults.
 21541 | Lair:1   | Entered Level 1 of the Lair of Beasts
 21780 | Lair:1   | Reached skill level 5 in Invocations
 22313 | Lair:2   | Found a hole to the Spider Nest.
 22414 | Lair:2   | Found a staircase to the Swamp.
 22514 | Lair:2   | Noticed Gastronok
 22535 | Lair:2   | Killed Gastronok
 22914 | Lair:3   | Reached skill level 13 in Unarmed Combat
 22947 | Lair:3   | Reached skill level 5 in Summonings
 23383 | Lair:4   | Learned a level 3 spell: Regeneration
 23557 | Lair:4   | Noticed Urug
 23574 | Lair:4   | Killed Urug
 23574 | Lair:4   | Received a gift from Okawaru
 23642 | Lair:4   | Got a distressingly furry buckler {god gift}
 23643 | Lair:4   | Identified the +2 buckler "Vaeg" {*Contam rF+ rN++ Int+2}
                  | (Okawaru gifted it to you on level 4 of the Lair of Beasts)
 23711 | Lair:4   | Reached skill level 1 in Charms
 23820 | Lair:4   | Reached skill level 1 in Necromancy
 24242 | Lair:5   | Noticed Josephine
 24301 | Lair:5   | Killed Josephine
 24301 | Lair:5   | Reached XP level 14. HP: 58/97 MP: 24/24
 24557 | Lair:5   | Reached skill level 10 in Dodging
 24622 | Lair:5   | Mangled by a catoblepas

Skill      XL: |  1  2  3  4  5  6  7  8  9 10 11 12 13 14 |
---------------+-------------------------------------------+-----
Stealth        | 1 2 3 |  3.7
Unarmed Combat | 4 5 6 8 9 10 11 13 | 13.3
Poison Magic   | 1 |  1.5
Transmutations | 3 4 5 6 7 8 9 |  9.0
Spellcasting   | 3 4 5 6 7 |  7.3
Ice Magic      | 1 2 3 4 5 |  5.6
Dodging        | 3 4 5 6 7 8 9 10 | 10.0
Fighting       | 2 4 5 6 7 8 |  8.6
Summonings     | 2 3 4 5 |  5.4
Invocations    | 3 4 5 6 |  6.0
Charms         | 1 |  1.6
Necromancy     | 1 |  1.6
Evocations     | |  0.2

Action                   |  1- 3 |  4- 6 |  7- 9 | 10-12 | 13-15 || total
-------------------------+-------+-------+-------+-------+-------++-------
Melee: Unarmed           |    65 |   152 |   250 |   598 |   346 ||  1411
       Constrict         |    17 |    32 |    26 |    19 |     7 ||   101
       Tentacles         |    10 |    25 |    22 |    22 |    17 ||    96
       Kick              |     8 |    23 |    25 |    32 |    16 ||   104
       Punch             |     4 |     2 |     8 |     9 |     5 ||    28
 Cast: Beastly Appendage |     9 |    23 |    14 |    20 |     8 ||    74
       Sticks to Snakes  |     3 |     8 |     7 |     8 |    11 ||    37
       Spider Form       |       |     4 |    11 |    11 |     6 ||    32
       Ice Form          |       |       |     9 |    38 |    28 ||    75
       Summon Ice Beast  |       |       |       |     7 |     6 ||    13
Invok: Heroism           |       |       |       |     6 |     9 ||    15
       Finesse           |       |       |       |       |     5 ||     5
 Abil: End Transformatio |       |       |       |     1 |       ||     1
Evoke: Wand              |       |       |       |    12 |       ||    12
  Use: Scroll            |     2 |       |     8 |    10 |    13 ||    33
       Potion            |       |       |     3 |     2 |     3 ||     8
 Stab: Sleeping          |     7 |     9 |     2 |     1 |     7 ||    26
       Distracted        |       |       |     1 |       |     1 ||     2
       Paralysed         |       |       |       |     3 |       ||     3
  Eat: Chunk             |     3 |    12 |    14 |    25 |    13 ||    67
       Ration            |       |     1 |     2 |     2 |     2 ||     7
Armor: Skin              |     8 |     4 |    25 |    85 |    39 ||   161
Dodge: Dodged            |    27 |    92 |   164 |   475 |   266 ||  1024
